 Dungeon Crawl Stone Soup version 0.26-a0-291-g3d11bbfad5 (webtiles) character file.

Game seed: 2727685700482497472

171 ANON1729 the Cudgeler (level 5, -1/53 HPs)
             Began as a Troll Gladiator on July 14, 2020.
             Slain by an ogre
             ... wielding a +0 giant club
              (12 damage)
             ... on level 6 of the Dungeon.
             The game lasted 00:02:43 (2374 turns).

ANON1729 the Cudgeler (Troll Gladiator)             Turns: 2374, Time: 00:02:43

Health: -1/53      AC: 13    Str: 23    XL:     5   Next: 26%
Magic:  4/4        EV: 10    Int:  4    God:
Gold:   128        SH:  0    Dex: 11    Spells: 4/4 levels left

rFire    . . .     SeeInvis .   s - +2 mace (protect)
rCold    . . .     Faith    .   (no shield)
rNeg     . . .     Spirit   .   b - +0 robe
rPois    .         Reflect  .   c - +0 hat
rElec    .         Harm     .   (no cloak)
rCorr    .                      (gloves unavailable)
MR       +....                  (boots unavailable)
Stlth    +.........             q - amulet of inaccuracy (curse)
HPRegen  0.57/turn              r - ring of protection from magic
MPRegen  0.09/turn              (no ring)

@: protection aura
A: large, unfitting armour, claws 3, regeneration 1, shaggy fur 1, tough skin 3
a: no special abilities


You were on level 6 of the Dungeon.
You visited 1 branch of the dungeon, and saw 5 of its levels.

You collected 128 gold pieces.

Inventory:

Hand Weapons
 a - a +0 flail
 s - a +2 mace of protection (weapon)
Missiles
 d - 3 throwing nets (quivered)
Armour
 b - a +0 robe (worn)
 c - a +0 hat (worn)
Jewellery
 q - a cursed amulet of inaccuracy (around neck)
 r - a ring of protection from magic (left claw)
Scrolls
 h - a scroll of remove curse
 i - 2 scrolls of enchant armour {unknown}
 l - a scroll of teleportation {unknown}
 o - a scroll of enchant weapon {unknown}
Potions
 e - 3 potions of heal wounds
 f - a potion of magic {unknown}
 g - 2 potions of invisibility {unknown}
 j - a potion of degeneration {unknown}
 k - a potion of flight {unknown}
 m - a potion of resistance {unknown}
 n - a potion of cancellation {unknown}
 p - a potion of lignification {unknown}


   Skills:
 * Level 3.1 Fighting
 * Level 3.9 Maces & Flails
 - Level 2.0 Throwing
 + Level 1.5 Armour
 - Level 2.4 Dodging


You had 4 spell levels left.
You didn't know any spells.
Your spell library was empty.

Dungeon Overview and Level Annotations

Branches:
Dungeon (7/15)
 Temple: D:4-7

Altars:


Innate Abilities, Weirdness & Mutations

You are too large for most types of armour.
You have claws for hands.
Your natural rate of healing is unusually fast.
You are covered in fur. (AC +1)
You have extremely tough skin. (AC +3)


Message History

You are too injured to fight recklessly!
You are too injured to fight recklessly!
You are too injured to fight recklessly!
You are too injured to fight recklessly!
You are too injured to fight recklessly!
You are too injured to fight recklessly!
You are too injured to fight recklessly!
You are too injured to fight recklessly!
You are too injured to fight recklessly!
You are too injured to fight recklessly!
You are too injured to fight recklessly!
You are too injured to fight recklessly!
You are too injured to fight recklessly!
You hit the ogre.
The ogre is almost dead.
The ogre barely misses you.
You completely miss the ogre.
The ogre is almost dead.
The ogre hits you with a +0 giant club!
You die...

...#####<######.#............#
.....................O..######
###.####.######.#.#######
#..........##.#.#
#.####.###.##.#.# #......#
#.##.#s# #.###### #.##.#O#
#.##.#>## #.@O....# #.#####.#
#.# .# #?# .. #.# .## #.# .#
... .. ## ##


You could see an ogre.

Vanquished Creatures
  An orc priest (D:6)
  A bullfrog skeleton (D:6)
  An orc wizard (D:6)
  3 adders (D:2)
  A worm (D:2)
  2 dart slugs (D:2)
  A leopard gecko (D:1)
  4 orcs
  5 bats
  2 giant cockroaches
  11 goblins
  3 hobgoblins
  3 jackals (D:3)
  A ball python (D:1)
  6 frilled lizards
  4 kobolds
  3 rats (D:2)
52 creatures vanquished.

Notes
Turn   | Place    | Note
-------+----------+-------------------------------------------
     0 | D:1      | ANON1729 the Troll Gladiator began the quest for the Orb.
     0 | D:1      | Reached XP level 1. HP: 19/19 MP: 0/0
   215 | D:1      | Reached XP level 2. HP: 28/28 MP: 1/1
   882 | D:2      | Reached XP level 3. HP: 26/35 MP: 2/2
  1197 | D:2      | Reached skill level 1 in Armour
  1469 | D:2      | Reached XP level 4. HP: 44/44 MP: 3/3
  2147 | D:3      | You fall into a shaft and drop 3 floors!
  2188 | D:6      | Noticed an ogre
  2305 | D:6      | Reached XP level 5. HP: 38/53 MP: 4/4
  2374 | D:6      | Slain by an ogre

Illustrated notes

Levels and vault maps discovered:
D:1:      elethiomel_arrival_maze, layout_basic, st_stairs_14
D:2:      layout_basic, nicolae_overflow_hidden_temple
D:3:      minmay_wonky_spiral, layout_basic, chequers_serial_rivers_micro_b
D:6:      layout_loops_ring
D:7:      layout_layer_cave, serial_shops, shop_fountains, basic_altar,
          minmay_misc_feat_doors

Skill      XL: |  1  2  3  4 |
---------------+-------------+-----
Throwing       | 2 |  2.0
Fighting       | 2 3 |  3.1
Maces & Flails | 3 |  3.9
Armour         | 1 |  1.5
Dodging        | |  2.4

Action                   |  1- 3 |  4- 6 || total
-------------------------+-------+-------++-------
Melee: Flail             |   115 |   136 ||   251
       Mace              |       |     8 ||     8
  Use: Scroll            |       |     2 ||     2
 Stab: Sleeping          |     2 |     1 ||     3
Armor: Robe              |    56 |   108 ||   164
Dodge: Dodged            |    86 |   143 ||   229

Table legend:
 A = Non-vault XP
 B = Vault XP
 C = Vault XP percentage of total XP
 D = Non-vault monster count
 E = Vault monster count
 F = Vault count percentage of total count
                 A         B        C        D         E       F
            +---------+---------+-------+---------+---------+-------
      Total |     243 |       2 |   0.8 |      51 |       1 |   1.9
            +---------+---------+-------+---------+---------+-------
        D:1 |      28 |       2 |   6.7 |      16 |       1 |   5.9
        D:2 |      73 |       0 |   0.0 |      19 |       0 |   0.0
        D:3 |      21 |       0 |   0.0 |      11 |       0 |   0.0
        D:6 |     121 |       0 |   0.0 |       5 |       0 |   0.0
            +---------+---------+-------+---------+---------+-------
